 Dungeon Crawl Stone Soup version 0.26-a0-651-gb41185065b (webtiles) character file.

Game seed: 3039645175753353941

82 gbos the Sneak (level 4, -12/42 HPs)
             Began as a Naga Gladiator on Oct 10, 2020.
             Engulfed by a cloud of flame (19 damage)
             ... on level 3 of the Dungeon.
             The game lasted 00:03:45 (1895 turns).

gbos the Sneak (Naga Gladiator)                     Turns: 1895, Time: 00:03:46

Health: -12/42     AC:  5    Str: 17    XL:     4   Next: 43%
Magic:  4/4        EV:  9    Int:  9    God:
Gold:   70         SH:  3    Dex: 12    Spells: 3/3 levels left

rFire    . . .     SeeInvis +   a - +0 war axe
rCold    . . .     Faith    .   t - +0 buckler
rNeg     . . .     Spirit   .   l - +0 leather armour
rPois    +         Reflect  .   c - +0 helmet
rElec    .         Harm     .   s - +0 cloak
rCorr    .         Rampage  .   i - +0 pair of gloves
MR       .....                  (no barding)
Stlth    ++........             (no amulet)
HPRegen  0.14/turn              (no ring)
MPRegen  0.09/turn              (no ring)

@: very slow
A: large, see invisible, deformed body, poison resistance, slowness 2, spit
poison 1, AC +1
a: Spit Poison


You were on level 3 of the Dungeon.
You visited 1 branch of the dungeon, and saw 3 of its levels.

You collected 70 gold pieces.


Innate Abilities, Weirdness & Mutations

You cannot wear boots.
Your serpentine skin is tough. (AC +1)
You have supernaturally acute eyesight. (SInv)
Armour fits poorly on your strangely shaped body.
Your system is resistant to poisons. (rPois)
You cover ground very slowly.
You can spit poison.


   Skills:
 + Level 3.3 Fighting
 - Level 3.0 Axes
 - Level 1.7 Throwing
 - Level 2.4 Dodging
 + Level 4.0 Stealth
 + Level 0.7 Shields


You had 3 spell levels left.
You didn't know any spells.
Your spell library was empty.

Inventory:

Hand Weapons
 a - a +0 war axe (weapon)
 b - a +0 hunting sling
Armour
 c - a +0 helmet (worn)
 i - a +0 pair of gloves (worn)
 l - a +0 leather armour (worn)
 s - a +0 cloak (worn)
 t - a +0 buckler (worn)
Jewellery
 o - an uncursed amulet of reflection {unknown}
Scrolls
 g - a scroll of remove curse {unknown}
 p - a scroll of enchant weapon {unknown}
 q - a scroll of random uselessness {unknown}
Potions
 f - a potion of lignification {unknown}
 h - 2 potions of stabbing {unknown}
 j - a potion of curing {unknown}
 r - a potion of ambrosia {unknown}

Dungeon Overview and Level Annotations

Branches:
Dungeon (2/15)

Altars:
Kikubaaqudgha
Nemelex Xobeh
Ru

Annotations:
D:3 Grinder

▒.....▒ ▒.....▒▒
▒...... ▒ .....▒.▒
....▒.▒▒▒ ▒▒▒▒▒▒▒
▒...£...▒ ▒.....▒
▒.....▒ ▒▒▒▒
▒.....▒▒▒▒..▒>.▒.....
▒.....N###..▒.£......
▒.5...▒▒▒▒▒.▒.▒▒(....
▒.....▒ ▒.....5.▒
▒▒▒▒▒▒▒ ▒.......▒
▒.▒▒.▒▒.▒ ▒.▒▒.▒▒.▒
▒..).†(.▒ ▒▒▒▒.▒▒▒▒
▒.▒


You could see Grinder (inner flame).


Message History

The bat closely misses you. Grinder hits you.
You writhe in agony.
You hit Grinder.
Grinder is lightly wounded.
You barely miss the bat. The bat barely misses you. You block the bat's attack.
Grinder hits you but does no damage. Grinder gestures at you.
You suddenly lose the ability to move!
The bat hits you but does no damage. The bat hits you but does no damage.
Grinder blinks!
You can move again.
Unknown command.
As you read the scroll labeled NAADUEGASY, it crumbles to dust.
The creatures around you are filled with an inner flame!
It was a scroll of immolation.
The bat hits you but does no damage.
You hit the bat.
The bat explodes!
The fiery explosion engulfs you!!
Ouch! That really hurt!
* * * LOW HITPOINT WARNING * * *
The fiery explosion engulfs the gnoll!!
The gnoll explodes!
Your Stealth skill increases to level 4!
You are engulfed in blazing flames.
You die...

Action                   |  1- 3 |  4- 6 || total
-------------------------+-------+-------++-------
Melee: War axe           |    43 |     6 ||    49
 Fire: Hunting sling     |    53 |       ||    53
Throw: Throwing net      |     1 |     2 ||     3
 Abil: Spit Poison       |     6 |     1 ||     7
  Use: Scroll            |     2 |     1 ||     3
 Stab: Sleeping          |     1 |       ||     1
Armor: Leather armour    |    35 |    12 ||    47
Dodge: Dodged            |    50 |     8 ||    58
Block: Buckler           |       |     3 ||     3

Levels and vault maps discovered:
D:1:      nicolae_arrival_somewhat_less_tricky_arrival, layout_basic,
          minmay_pentomino_w2
D:2:      layout_loops_corners, minitemple
D:3:      layout_loops_cross, nicolae_overflow_hidden_temple,
          nicolae_gozag_zags_fifth_avenue, uniq_grinder, uniq_sigmund,
          uniq_terence

Notes
Turn   | Place    | Note
-------+----------+-------------------------------------------
     0 | D:1      | gbos the Naga Gladiator began the quest for the Orb.
     0 | D:1      | Reached XP level 1. HP: 19/19 MP: 1/1
    40 | D:1      | Reached skill level 1 in Stealth
   215 | D:1      | Reached XP level 2. HP: 24/27 MP: 2/2
   252 | D:1      | Reached skill level 2 in Stealth
  1313 | D:2      | Reached XP level 3. HP: 33/33 MP: 3/3
  1321 | D:2      | Reached skill level 3 in Stealth
  1377 | D:2      | Found a sparkling altar of Nemelex Xobeh.
  1379 | D:2      | Found an ancient bone altar of Kikubaaqudgha.
  1499 | D:2      | Reached skill level 3 in Fighting
  1654 | D:3      | Found a sacrificial altar of Ru.
  1797 | D:3      | Noticed Terence
  1817 | D:3      | Killed Terence
  1817 | D:3      | Reached XP level 4. HP: 33/42 MP: 4/4
  1875 | D:3      | Noticed Grinder
  1892 | D:3      | Paralysed by Grinder for 2 turns
  1895 | D:3      | Reached skill level 4 in Stealth
  1895 | D:3      | Engulfed by a cloud of flame

Vanquished Creatures
  Terence (D:3)
  A gnoll (D:3)
  An adder (D:2)
  2 worms (D:2)
  2 giant cockroaches (D:2)
  4 goblins
  4 hobgoblins
  2 jackals (D:1)
  2 kobolds (D:1)
  2 ball pythons (D:1)
  6 bats
  5 frilled lizards
  3 rats
35 creatures vanquished.
